 Dungeon Crawl Stone Soup version 0.19-a0-368-g4db2635 (webtiles) character file.

240 AlphabetPasta the Firebug (level 5, -6/35 HPs)
             Began as a Mummy Fire Elementalist on May 30, 2016.
             Mangled by an ogre
             ... wielding a +0 giant spiked club
              (26 damage)
             ... on level 4 of the Dungeon.
             The game lasted 00:17:44 (3196 turns).

AlphabetPasta the Firebug (Mummy Fire Elementalist) Turns: 3196, Time: 00:17:45

Health: -6/35      AC:  2    Str: 12    XL:     5   Next: 80%
Magic:  7/9        EV: 12    Int: 15    God:
Gold:   105        SH:  0    Dex: 15    Spells: 4 memorised, 0 levels left

rFire  x . .     SeeInvis .     c - -3 dagger (curse)
rCold  + . .     Gourm    .     a - +0 robe
rNeg   + + +     Faith    .     (no shield)
rPois  ∞         Spirit   .     (no helmet)
rElec  .         Dismiss  .     (no cloak)
rCorr  +         Reflect  .     (no gloves)
SustAt .         Harm     .     (no boots)
MR     .....                    (no amulet)
Stlth  ++........               h - ring of resist corrosion
                                g - +3 ring of dexterity (curse)

@: very slightly contaminated, not resistant to hostile enchantments, unstealthy
A: no food or potions, fire vulnerability, cold resistance 1, negative energy
resistance 3, torment resistance, unbreathing
a: no special abilities


You were on level 4 of the Dungeon.
You were not hungry.

You visited 1 branch of the dungeon, and saw 4 of its levels.

You collected 105 gold pieces.

Inventory:

Hand Weapons
 c - a cursed -3 dagger (weapon)
 k - a +0 rapier
Armour
 a - a +0 robe (worn)
Jewellery
 g - a cursed +3 ring of dexterity (left hand)
 h - a ring of resist corrosion (right hand)
Wands
 d - a wand of polymorph (6/24)
Scrolls
 e - 4 scrolls of recharging
 f - a scroll of identify
 i - a scroll of magic mapping
 j - a scroll of random uselessness
Books
 b - a book of Flames

   Spells                             Type                      Level
   a - Flame Tongue                   Conjuration/Fire             1
   b - Throw Flame                    Conjuration/Fire             2
   c - Conjure Flame                  Conjuration/Fire             3
   d - Inner Flame                    Hexes/Fire                   3
   e - Sticky Flame                   Conjuration/Fire             4
   f - Fireball                       Conjuration/Fire             5


   Skills:
 + Level 1.6 Dodging
 - Level 1.5 Stealth
 + Level 3.3 Spellcasting
 + Level 2.5 Conjurations
 * Level 4.0 Fire Magic


You couldn't memorise any spells.
You knew the following spells:

 Your Spells              Type           Power        Failure   Level  Hunger
a - Flame Tongue          Conj/Fire      ##...        6%          1    N/A
b - Throw Flame           Conj/Fire      ##....       10%         2    N/A
c - Conjure Flame         Conj/Fire      ##......     17%         3    N/A
d - Sticky Flame          Conj/Fire      ##......     54%         4    N/A

Dungeon Overview and Level Annotations

Branches:
Dungeon (4/15)
 Temple: D:4-7

Altars:
Fedhas
Nemelex Xobeh
Qazlal


Innate Abilities, Weirdness & Mutations

You do not eat or drink.
Your flesh is vulnerable to fire.
You are immune to poison.
Your flesh is cold resistant. (rC+)
You are immune to negative energy. (rN+++)
You are immune to unholy pain and torment.
You can survive without breathing.


Message History

Okay, then.
The ogre shouts!
The ogre hits you with a giant spiked club!
Casting: Flame Tongue
Confirm with . or Enter, or press ? or * to list all spells.
Aiming: Flame Tongue
Press: ? - help, Shift-Dir - straight line, f - ogre
Aim: an ogre, wielding a giant spiked club The flame tongue hits the ogre.
The ogre is lightly wounded.
Casting: Flame Tongue
Confirm with . or Enter, or press ? or * to list all spells.
Aiming: Flame Tongue
Press: ? - help, Shift-Dir - straight line, f/p - ogre
Aim: an ogre, wielding a giant spiked club (lightly wounded)
The flame tongue hits the ogre.
The ogre is heavily wounded.
The ogre hits you with a giant spiked club!!
Ouch! That really hurt!
You die...

.....#..#########...,,,*
...###..#..........#****
...'....#..........+,,*
...#....'..........#,,*
...#....#..........#,,*
...#....#..........#,,*
...######..........#,,*
...................#,,*
.........#'####.@..#,,*
.........#....+..O.#,,*
,........#....#....#,,*
,..############....#,,*
,.,*,,,,**,,,*.....#+**
****,,,,*,,,,#.....#,,*
,,**,,,,**,,,#.....#,,*
,,**,,,,**,,,#.....#,,*
,,,,,,,,,,,,,*,,,,,*,,*


You could see an ogre.

Vanquished Creatures
  An orc wizard (D:3)
  Jessica (D:3)
  A worker ant (D:2)
  3 gnolls (D:2)
  7 adders
  A worm (D:2)
  3 giant geckos
  5 orcs
  4 giant cockroaches
  7 goblins
  5 hobgoblins
  A ball python (D:2)
  8 bats
  5 giant newts
  7 kobolds
  8 rats
67 creatures vanquished.

Notes
Turn   | Place    | Note
--------------------------------------------------------------
     0 | D:1      | AlphabetPasta the Mummy Fire Elementalist began the quest for the Orb.
     0 | D:1      | Reached XP level 1. HP: 13/13 MP: 3/3
   218 | D:1      | Reached skill level 1 in Conjurations
   286 | D:1      | Reached XP level 2. HP: 10/19 MP: 0/5
   309 | D:1      | Learned a level 2 spell: Throw Flame
   791 | D:2      | Reached skill level 3 in Fire Magic
   791 | D:2      | Reached XP level 3. HP: 20/24 MP: 0/6
   849 | D:1      | Learned a level 3 spell: Conjure Flame
   871 | D:2      | Found a stormy altar of Qazlal.
   871 | D:2      | Found a blossoming altar of Fedhas.
  1182 | D:2      | Reached XP level 4. HP: 30/30 MP: 2/7
  2107 | D:3      | Noticed Jessica
  2198 | D:2      | Reached XP level 5. HP: 26/35 MP: 4/9
  2282 | D:3      | Killed Jessica
  2377 | D:3      | Found a sparkling altar of Nemelex Xobeh.
  2421 | D:3      | Learned a level 4 spell: Sticky Flame
  2727 | D:3      | Reached skill level 4 in Fire Magic
  3190 | D:4      | Noticed an ogre
  3196 | D:4      | Mangled by an ogre

Vault maps used:
D:1:      minmay_arrival_solitary_statue
D:2:      grunt_temple_overflow_forces_of_nature
D:3:      nemelex_altar_shiori, minmay_box_of_dots, uniq_jessica
D:4:      first_bread, kennysheep_generic_room_12

Skill      XL: |  1  2  3  4  5 |
---------------+----------------+-----
Conjurations   | 1 2 |  2.5
Fire Magic     | 3 4 |  4.0
Spellcasting   | 3 |  3.3
Dodging        | |  1.6
Stealth        | |  1.5

Action                   |  1- 3 |  4- 6 || total
-------------------------+-------+-------++-------
Melee: Dagger            |    32 |    17 ||    49
 Cast: Flame Tongue      |    50 |    97 ||   147
  Use: Scroll            |     1 |     5 ||     6
 Stab: Sleeping          |     5 |     1 ||     6
Armor: Robe              |    11 |    10 ||    21
Dodge: Dodged            |    35 |    39 ||    74
